cohdb
Replays
Latest Replays
All Replays
Popular Replays
Top Player Replays
Match Explorer
How It Works
Community
CoH3 Stats
Reddit
Sign in to upload your games and track your stats! →
Sign in with Steam
Match 42514661
Unlisted
Match 42514661
Overview
Messages
Build Orders
End
Construct Infanterie Kompanie
Grenadier Squad
MG 42 Machine Gun Team
Grenadier Squad
GrW 34 Mortar Team
Construct Panzergrenadier Kompanie
251 Medium Carrier
Pak 40 Anti-tank Gun Team
Support Elements
StuG III G Assault Gun
Pioneer Squad
Medical Bunker
StuG III G Assault Gun
Side Skirts
Panzergrenadier Officer Quarters
billthebluebot
Taiga
Visetiisen
Mustache and Melons
Graset
g3org391
Gipss
PasDeQuartier
0
0
Comments
sign in to comment!
No comments posted yet!